 Dungeon Crawl Stone Soup version 0.21.1-1-g345015f (webtiles) character file.

4956 johnjohn the Basher (level 10, -4/86 HPs)
             Began as a Hill Orc Fighter on May 13, 2018.
             Was a Believer of Ru.
             Slain by a two-headed ogre
             ... wielding a cursed +0 giant club
              (9 damage)
             ... on level 10 of the Dungeon.
             The game lasted 00:54:20 (10073 turns).

johnjohn the Basher (Hill Orc Fighter)             Turns: 10073, Time: 00:54:20

Health: -4/86      AC: 17    Str: 22    XL:     10   Next: 53%
Magic:  9/9        EV:  9    Int: 17    God:    Ru [**....]
Gold:   453        SH: 15    Dex: 11    Spells: 9/9 levels left

rFire    . . .     SeeInvis .   C - +4 flail (holy)
rCold    . . .     Gourm    .   c - +1 shield
rNeg     . . .     Faith    .   b - +0 scale mail
rPois    .         Spirit   .   d - +2 helmet {Int+3}
rElec    .         Reflect  +   (no cloak)
rCorr    .         Harm     .   (no gloves)
MR       .....                  l - +0 pair of boots
Stlth    ..........             g - +3 amulet of reflection
HPRegen  0.24/turn              I - +6 ring of intelligence
MPRegen  0.11/turn              n - +3 ring of protection

@: about to teleport
A: iridescent scales 1, low mp 1, disrupted magic 1, unskilled 1
a: Renounce Religion


You were on level 10 of the Dungeon.
You worshipped Ru.
Ru was pleased with you.
You were not hungry.

You visited 1 branch of the dungeon, and saw 10 of its levels.

You collected 453 gold pieces.

Inventory:

Hand Weapons
 a - a +1 flail
 C - a +4 flail of holy wrath (weapon)
Armour
 b - a +0 scale mail (worn)
 c - a +1 shield (worn)
 d - a +2 helmet of intelligence (worn)
 l - a +0 pair of boots (worn)
 s - a +2 helmet
 D - a +0 scale mail
Magical Staves
 B - an uncursed staff of wizardry {unknown}
Jewellery
 g - a +3 amulet of reflection (around neck)
 j - a +3 ring of strength {unknown}
 n - a +3 ring of protection (right hand)
 o - a +2 ring of strength {unknown}
 I - a +6 ring of intelligence (left hand)
Wands
 h - a wand of random effects (28)
 w - a wand of flame (38)
Scrolls
 e - a scroll of fog {unknown}
 i - 6 scrolls of remove curse
 k - a scroll of blinking {unknown}
 m - 4 scrolls of identify
 p - 2 scrolls of enchant armour
 q - 2 scrolls of teleportation
 x - 4 scrolls of noise
 y - a scroll of amnesia
Potions
 r - 2 potions of ambrosia
 t - a potion of brilliance {unknown}
 u - 2 potions of degeneration
 v - 2 potions of cancellation
 z - 3 potions of curing
Books
 G - a book of Geomancy

   Spells                             Type                      Level
   a - Sandblast                      Earth                        1
   b - Passwall                       Transmutation/Earth          2
   c - Stone Arrow                    Conjuration/Earth            3
   d - Petrify                        Transmutation/Earth          4
   e - Lee's Rapid Deconstruction     Earth                        5
Comestibles
 f - 9 rations
 E - 2 chunks of flesh


   Skills:
 + Level 7.1 Fighting
 + Level 9.5 Maces & Flails
 + Level 7.4 Armour
 + Level 3.1 Dodging
 + Level 1.4 Stealth
 + Level 7.0 Shields
 + Level 1.2 Evocations


You had 9 spell levels left.
You didn't know any spells.

Dungeon Overview and Level Annotations

Branches:
Dungeon (10/15)
 Temple: D:4-7         Lair: D:8-11         Orc: D:9-12

Altars:
Cheibriados
Elyvilon
Hepliaklqana
Kikubaaqudgha
Makhleb
Okawaru
Qazlal
Ru
Uskayaw
Vehumet
Zin

Shops:
D:8 %   D:9 (

Annotations:
D:4 Caim's ghost, novice DDAr


Innate Abilities, Weirdness & Mutations

Your casting is slightly disrupted.
You are somewhat unskilled. (-1 Apt)
You are partially covered in iridescent scales. (AC +2)
Your magical capacity is low. (-10% MP)


Message History

You thump the two-headed ogre!
The two-headed ogre is heavily wounded.
Something hits you but does no damage.
The two-headed ogre hits you with a giant club.
The two-headed ogre closely misses you. Something hits you but does no damage.
The yak gores you!
You completely miss the two-headed ogre.
The two-headed ogre is heavily wounded.
Something hits you but does no damage. You block something's attack.
The yak gores you but does no damage.
The two-headed ogre hits you with a giant club!
* * * LOW HITPOINT WARNING * * *
The two-headed ogre hits you with a giant club!
* * * LOW HITPOINT WARNING * * *
Okay, then.
As you read the scroll of teleportation, it crumbles to dust.
You feel strangely unstable. Something hits you but does no damage.
You block the yak's attack.
The two-headed ogre hits you with a giant club!
You die...

............###
#...............
#...............
#...............
#...............
#.....<.........
#...............
#...............
#.....).@.......
#......YO.....##
#<......Y....##
#...............
#..............≈
#........Y.5..≈.
#.............≈.
#..............K
#.............


You could see a two-headed ogre, 3 yaks, Sonja (wandering) and a crimson imp.

Vanquished Creatures
  2 two-headed ogres (D:9)
  A cyclops (D:9)
  A troll (D:9)
  A hippogriff (D:8)
  A hungry ghost (D:10)
  Menkaure (D:7)
  An ice beast (D:9)
  An orc warrior (D:8)
  A phantom (D:6)
  3 ogres
  A big kobold (D:8)
  2 bullfrogs
  3 scorpions
  6 killer bees (D:9)
  3 howler monkeys (D:8)
  A crimson imp (D:9)
  The ghost of Iko the Sneak, a weakling VSAs (D:5)
  2 bullfrog zombies (D:5)
  8 hounds
  A bullfrog skeleton (D:6)
  A centaur skeleton (D:10)
  Jessica (D:3)
  3 iguanas
  Ijyb (D:5)
  9 worker ants
  A hound skeleton (D:5)
  A worker ant zombie (D:8)
  Robin (D:3)
  3 gnolls (D:4)
  10 adders
  3 shadow imps
  An adder zombie (D:5)
  An adder skeleton (D:4)
  2 worms
  8 leopard geckos
  9 orcs
  8 bats
  4 giant cockroaches
  11 hobgoblins
  8 jackals
  5 quokkas
  2 ball pythons
  6 frilled lizards
  16 goblins
  8 kobolds
  4 rats
168 creatures vanquished.

Vanquished Creatures (others)
  A troll (D:9)
  A hippogriff (D:8)
2 creatures vanquished.

Grand Total: 170 creatures vanquished

Notes
Turn   | Place    | Note
-------+----------+-------------------------------------------
     0 | D:1      | johnjohn the Hill Orc Fighter began the quest for the Orb.
     0 | D:1      | Reached XP level 1. HP: 19/19 MP: 1/1
    64 | D:1      | Reached XP level 2. HP: 24/27 MP: 2/2
   602 | D:1      | Reached XP level 3. HP: 17/33 MP: 3/3
  1528 | D:2      | Found a sacrificial altar of Ru.
  1528 | D:2      | Found a faded altar of an unknown god.
  1536 | D:2      | Found a faded altar of an unknown god.
  1543 | D:2      | Found a burning altar of Makhleb.
  1545 | D:2      | Found a glowing silver altar of Zin.
  1592 | D:2      | Became a worshipper of Ru the Awakened
  1812 | D:3      | Found a hide-covered altar of Uskayaw.
  1851 | D:3      | Reached skill level 3 in Maces & Flails
  1851 | D:3      | Reached XP level 4. HP: 14/40 MP: 4/4
  2160 | D:3      | Noticed Jessica
  2163 | D:3      | Killed Jessica
  2163 | D:3      | Reached XP level 5. HP: 45/46 MP: 5/5
  2532 | D:3      | Noticed Robin
  2549 | D:3      | Killed Robin
  2556 | D:3      | Reached skill level 4 in Maces & Flails
  2859 | D:4      | You fall through a shaft!
  2859 | D:5      | Entered Level 5 of the Dungeon
  2859 | D:5      | Found a stormy altar of Qazlal.
  2885 | D:5      | Noticed Iko's ghost (weakling VSAs)
  2911 | D:5      | Killed Iko's ghost
  2911 | D:5      | Reached XP level 6. HP: 45/53 MP: 6/6
  3080 | D:5      | Reached skill level 1 in Dodging
  3153 | D:5      | You fall through a shaft for 2 floors!
  3160 | D:7      | Reached skill level 5 in Maces & Flails
  3160 | D:7      | Reached skill level 5 in Shields
  3224 | D:6      | Gained mutation: You are somewhat unskilled. (-1 Apt) [Ru sacrifice]
  3224 | D:6      | Reduced skill Maces & Flails to level 4
  3224 | D:6      | Reached * piety under Ru
  3274 | D:6      | Found an ancient bone altar of Kikubaaqudgha.
  3307 | D:6      | Reached XP level 7. HP: 55/60 MP: 7/7
  3319 | D:6      | Reached skill level 5 in Maces & Flails
  3451 | D:6      | Found an iron altar of Okawaru.
  3977 | D:4      | Reached skill level 5 in Shields
  4027 | D:4      | Noticed Caim's ghost (novice DDAr)
  4625 | D:5      | Gained mutation: Your magical capacity is low. (-10% MP) [potion of mutation]
  4625 | D:5      | Gained mutation: You are partially covered in iridescent scales. (AC +2) [potion of mutation]
  4679 | D:5      | Noticed Ijyb
  4693 | D:5      | Reached XP level 8. HP: 52/67 MP: 7/7
  4713 | D:5      | Killed Ijyb
  4874 | D:6      | Found a hazy altar of Hepliaklqana.
  5252 | D:6      | Reached skill level 5 in Armour
  5260 | D:6      | Reached skill level 5 in Fighting
  5313 | D:6      | Reached skill level 6 in Maces & Flails
  5407 | D:6      | Found a snail-covered altar of Cheibriados.
  6105 | D:7      | Noticed Menkaure
  6110 | D:7      | Killed Menkaure
  6332 | D:8      | Gained mutation: Your casting is slightly disrupted. [Ru sacrifice]
  6332 | D:8      | Reached ** piety under Ru
  6733 | D:8      | Found Fuojonwae's Food Shop.
  7032 | D:8      | Noticed a hippogriff
  7043 | D:8      | Killed a hippogriff
  7043 | D:8      | Reached skill level 7 in Maces & Flails
  7043 | D:8      | Reached XP level 9. HP: 53/74 MP: 8/8
  7052 | D:8      | Reached skill level 1 in Stealth
  8013 | D:9      | Found a white marble altar of Elyvilon.
  8020 | D:9      | Noticed a cyclops
  8038 | D:9      | Killed a cyclops
  8430 | D:9      | Noticed a two-headed ogre
  8443 | D:9      | Killed a two-headed ogre
  8443 | D:9      | Reached skill level 8 in Maces & Flails
  8586 | D:9      | Found a radiant altar of Vehumet.
  8621 | D:9      | Noticed a troll
  8622 | D:9      | Noticed a two-headed ogre
  8898 | D:9      | Killed a troll
  8898 | D:9      | Reached XP level 10. HP: 40/84 MP: 9/9
  9093 | D:9      | Killed a two-headed ogre
  9093 | D:9      | Reached skill level 9 in Maces & Flails
  9093 | D:9      | Reached skill level 1 in Evocations
  9170 | D:9      | Found Oshuxucy's Antique Weapon Shop.
 10020 | D:10     | Entered Level 10 of the Dungeon
 10062 | D:10     | Noticed a two-headed ogre
 10073 | D:10     | Slain by a two-headed ogre

Skill      XL: |  1  2  3  4  5  6  7  8  9 10 |
---------------+-------------------------------+-----
Fighting       | 4 5 6 7 |  7.1
Maces & Flails | 3 4 4 5 7 8 9 |  9.5
Armour         | 4 5 6 7 |  7.4
Shields        | 4 4 5 6 7 |  7.0
Dodging        | 1 2 3 |  3.1
Stealth        | 1 |  1.4
Evocations     | 1 |  1.2

Action                   |  1- 3 |  4- 6 |  7- 9 | 10-12 || total
-------------------------+-------+-------+-------+-------++-------
Melee: Flail             |   199 |   164 |   396 |    85 ||   844
Invok: Sacrifice Skill   |       |     1 |       |       ||     1
       Sacrifice Essence |       |       |     1 |       ||     1
Evoke: Wand              |       |       |     4 |     6 ||    10
  Use: Scroll            |     3 |     4 |     7 |     2 ||    16
       Potion            |       |     1 |     9 |       ||    10
 Stab: Invisible         |       |       |     1 |       ||     1
  Eat: Chunk             |     2 |     3 |     9 |       ||    14
       Ration            |     1 |       |     3 |     1 ||     5
Armor: Scale mail        |   130 |    88 |   172 |    76 ||   466
Dodge: Dodged            |    62 |    57 |   121 |    56 ||   296
Block: Shield            |   133 |    90 |   171 |    92 ||   486
